 Dungeon Crawl Stone Soup version 0.31.0-11-ge490571c62 (webtiles) character file.

Game seed: 12154935073213967309

54476 Ashen the Covert (level 14, -2/109 HPs)
             Began as a Gnoll Enchanter on Feb 5, 2024.
             Was an Elder of Uskayaw.
             Slain by an orc warrior
             ... wielding a +0 scimitar of flaming
              (6 damage)
             ... on level 2 of the Orcish Mines.
             The game lasted 01:35:48 (24480 turns).

Ashen the Covert (Gnoll Enchanter)                 Turns: 24480, Time: 01:35:49

Health: -2/109     AC:  7    Str:  9    XL:     14   Next: 73%
Magic:  10/29      EV: 17    Int: 15    God:    Uskayaw [****..]
Gold:   2629       SH:  7    Dex: 16    Spells: 24/35 levels left

rFire   . . .        C - +5 dagger
rCold   . . .        U - +0 buckler
rNeg    . . .        S - +0 troll leather armour
rPois   .            (helmet restricted)
rElec   .            V - scarf {shadows}
rCorr   .            o - +2 pair of gloves
SInv    +            (no boots)
Will    ++...        x - amulet of faith
Stlth   +++++        r - ring of see invisible
HPRegen 1.18/turn    B - ring of willpower
MPRegen 0.21/turn

%: faith
@: invisible
A: fangs 1, strong nose, distributed training, horns 1
a: Renounce Religion, Stomp, Line Pass


You were on level 2 of the Orcish Mines.
You worshipped Uskayaw.
Uskayaw was aware of your devotion.
You visited 4 branches of the dungeon, and saw 19 of its levels.
You also visited: Sewer.

You collected 2629 gold pieces.

Inventory:

Hand Weapons
 C - a +5 dagger (weapon)
 K - a +1 great sword
 M - a +2 dagger of venom
Missiles
 z - 61 poisoned darts (quivered)
Armour
 o - a +2 pair of gloves (worn)
 S - a +0 troll leather armour (worn)
 U - a +0 buckler (worn)
 V - a scarf of shadows (worn)
Jewellery
 b - a ring of flight
 h - a ring of poison resistance
 r - a ring of see invisible (left hand)
 x - an amulet of faith (around neck)
 B - a ring of willpower (right hand)
Wands
 a - a wand of flame (35)
 q - a wand of light (19)
 A - a wand of roots (22)
 W - a wand of digging (7)
 X - a wand of paralysis (11)
Scrolls
 e - 10 scrolls of teleportation
 f - 3 scrolls of revelation {unknown}
 g - 4 scrolls of immolation {unknown}
 j - 4 scrolls of poison
 n - 6 scrolls of fear {unknown}
 p - 6 scrolls of enchant weapon
 s - 2 scrolls of vulnerability {unknown}
 t - a scroll of torment {unknown}
 u - a scroll of brand weapon {unknown}
 v - 2 scrolls of noise {unknown}
 y - a scroll of fog {unknown}
 F - 5 scrolls of amnesia {unknown}
 O - 2 scrolls of enchant armour {unknown}
 Q - a scroll of blinking {unknown}
 Y - a scroll of silence {unknown}
Potions
 c - 2 potions of invisibility
 i - 2 potions of brilliance
 k - 3 potions of degeneration
 l - 3 potions of might
 m - 9 potions of curing
 w - 3 potions of berserk rage
 D - a potion of haste {unknown}
 E - 4 potions of lignification
 H - a potion of cancellation
 J - a potion of ambrosia
 N - a potion of mutation
 P - a potion of enlightenment
 T - a potion of magic
 Z - a potion of resistance
Miscellaneous
 d - a lightning rod (4/4)
 G - a box of beasts
 R - a phantom mirror (inert)


   Skills:
 + Level 9.8 Fighting
 + Level 10.2 Short Blades
 + Level 9.8 Long Blades
 + Level 9.8 Axes
 + Level 9.8 Maces & Flails
 + Level 9.8 Polearms
 + Level 9.8 Staves
 + Level 9.8 Ranged Weapons
 + Level 9.8 Throwing
 + Level 9.8 Armour
 + Level 10.8 Dodging
 + Level 11.4 Stealth
 + Level 9.8 Shields
 + Level 9.8 Unarmed Combat
 + Level 11.0 Spellcasting
 + Level 8.2 Conjurations
 + Level 9.9 Hexes
 + Level 8.2 Summonings
 + Level 8.2 Necromancy
 + Level 8.2 Translocations
 + Level 8.2 Fire Magic
 + Level 8.2 Ice Magic
 + Level 8.2 Air Magic
 + Level 8.2 Earth Magic
 + Level 8.2 Alchemy
 + Level 10.7 Invocations
 + Level 9.8 Evocations
 + Level 9.0 Shapeshifting


You had 24 spell levels left.
You knew the following spells:

 Your Spells              Type           Power      Damage    Failure   Level
a - Ensorcelled Hibernat  Hex/Ice        70%        N/A       1%          2
b - Confusing Touch       Hex            38%        N/A       1%          3
c - Tukima's Dance        Hex            38%        N/A       1%          3
d - Dazzling Flash        Conj/Hex       70%        N/A       1%          3

Your spell library contained the following spells:

 Spells                   Type           Power      Damage    Failure   Level
 Apportation              Tloc           64%        N/A       1%          1
 Kiss of Death            Conj/Necr      100%       2d13      1%          1
 Sting                    Conj/Alch      100%       1d9       1%          1
 Summon Small Mammal      Summ           100%       N/A       1%          1
 Cigotuvi's Dreadful Rot  Necr/Alch/Air  64%        N/A       1%          2
 Jinxbite                 Hex            76%        N/A       1%          2
 Mercury Vapours          Alch/Air       64%        N/A       1%          2
 Call Canine Familiar     Summ           32%        N/A       1%          3
 Gell's Gravitas          Tloc           32%        N/A       1%          3
 Teleport Other           Tloc           32%        N/A       1%          3
 Volatile Blastmotes      Fire/Tloc      64%        2d15      1%          3
 Dispel Undead            Necr           32%        3d14      5%          4
 Fulminant Prism          Conj/Alch      16%        3d10      5%          4
 Ignite Poison            Fire/Alch      32%        N/A       5%          4
 Iskenderun's Mystic Bla  Conj/Tloc      32%        2d8       5%          4
 Olgreb's Toxic Radiance  Alch           32%        N/A       5%          4
 Summon Blazeheart Golem  Fire/Summ      32%        N/A       5%          4
 Alistair's Intoxication  Alch           21%        N/A       14%         5
 Freezing Cloud           Conj/Ice/Air   16%        6-21      14%         5
 Summon Forest            Summ/Tloc      16%        N/A       14%         5
 Dispersal                Tloc           16%        N/A       63%         6
 Eringya's Noxious Bog    Alch           16%        4d6       63%         6
 Ozocubu's Refrigeration  Ice            16%        4d11      99%         7
 Summon Hydra             Summ           16%        N/A       99%         7
 Discord                  Hex            19%        N/A       100%        8


Dungeon Overview and Level Annotations

Branches:
Dungeon (11/15)            Temple (1/1) D:7            Lair (5/5) D:8
  Swamp (0/4) Lair:3        Snake (0/4) Lair:2        Slime (0/5) Lair:4
    Orc (2/2) D:11            Elf (0/3) Orc:2         Sewer (visited)

Altars:
Ashenzari
Cheibriados
Dithmenos
Elyvilon
Fedhas
Gozag
Hepliaklqana
Kikubaaqudgha
Makhleb
Nemelex Xobeh
Okawaru
Qazlal
Ru
Sif Muna
Trog
Uskayaw
Vehumet
Wu Jian
Xom
Yredelemnul
Zin
The Shining One

Shops:
Orc:2 =[=*

Annotations:
D:11 Gastronok
Lair:4 exclusion: 2 oklob plants
Orc:1 exclusion: oklob plant
Orc:2 Azrael, Saint Roka


Innate Abilities, Weirdness & Mutations

You have very sharp teeth.
Your uncanny sense of smell can sniff out nearby items.
Your experience applies equally to all skills.
You have a pair of small horns on your head.


Message History

The orc warrior hits you with a +0 mace.
The orc warrior completely misses you.
You strike the helpless orc warrior from behind!
You spit the orc warrior like a pig!!!
You kill the orc warrior!
You hit the orc warrior.
You headbutt the orc warrior, but do no damage.
The orc warrior is severely wounded.
The orc warrior hits you with a +0 mace!
* * * LOW HITPOINT WARNING * * *
The orc warrior barely misses you.
Uskayaw will force your foes to share their pain.
You hit the orc warrior but do no damage.
Your headbutt misses the orc warrior. Your bite misses the orc warrior.
The orc warrior is severely wounded.
The orc warrior completely misses you. x2
You hit the orc warrior.
The orc warrior is almost dead.
You hit the orc warrior but do no damage.
You headbutt the orc warrior, but do no damage.
The orc warrior is almost dead.
An orc priest comes into view. It is wielding a +0 flail.
The orc warrior misses you.
The orc warrior hits you with a +0 scimitar of flaming.
* * * LOW HITPOINT WARNING * * *
The orc warrior burns you.
* * * LOW HITPOINT WARNING * * *
You closely miss the orc warrior.
The orc priest shouts!
You headbutt the orc warrior.
The orc warrior is almost dead.
You hear a shout! x5
You hit the orc warrior but do no damage.
The orc warrior is almost dead.
The orc warrior hits you with a +0 mace.
* * * LOW HITPOINT WARNING * * *
The orc warrior hits you with a +0 scimitar of flaming!!
* * * LOW HITPOINT WARNING * * *
The orc warrior burns you.
You die...

..###..## #.# .#.##...# #.#
...#.o.## #.# ....#o## #.##
. .....o# #####..### o. #
......####.##.....##'''##..
............#..............
.^.....###.....o....8.8....
...........))).)@..........
...........).[$)o........#.
.....#'#.###)#...$....#.##
.....#∩### ##..........##
.....#### ##..#..$...#
.....o))######.#.........
.##..#..)##....#.........
.######.)o........... ..#
##.....#.∩$#...


You could see 2 orc warriors and an orc priest (wandering, unable to see you).

Vanquished Creatures
  Snorg (Orc:2)
  3 hydras
  Erica (Lair:1)
  3 two-headed ogres
  An orc high priest (Orc:1)
  Urug (D:11)
  A skyshark (Lair:2)
  A fire crab (Lair:5)
  A lindwurm (Lair:5)
  2 orc knights
  2 cyclopes (D:11)
  3 orc sorcerers (Orc:1)
  Maurice (D:11)
  4 elephants (Lair:1)
  A black mamba (Lair:1)
  A torpor snail (Lair:4)
  A kobold blastminer (Orc:1)
  2 gargoyles (D:11)
  4 cane toads
  2 unseen horrors (D:11)
  4 kobold demonologists
  10 komodo dragons
  Psyche (D:11)
  7 hornets
  5 polar bears (Lair:5)
  A tyrant leech (Lair:1)
  4 trolls
  Grinder (D:5)
  Prince Ribbit (Lair:3)
  16 blink frogs
  8 dream sheep
  3 shadows
  12 spriggans (Lair:5)
  2 wraiths
  A fire elemental (Orc:2)
  47 yaks
  10 wyverns
  6 basilisks
  3 steam dragons
  4 vampire mosquitoes (D:11)
  2 wargs (Orc:2)
  3 nagas (Lair:2)
  3 swamp worms (Lair:1)
  An acid dragon (D:10)
  9 water moccasins
  2 hell hounds (Orc:2)
  3 ice beasts
  A sky beast (D:7)
  A laughing skull (D:11)
  A meliai simulacrum (D:11)
  27 orc warriors
  5 boggarts (Lair:5)
  7 black bears
  3 ogres (Orc:1)
  23 wolves
  4 centaurs
  A phantom (D:7)
  7 kobold brigands
  12 bullfrogs
  3 gnoll sergeants
  2 scorpions (D:6)
  8 wights
  14 killer bees
  An electric eel (Lair:5)
  4 howler monkeys
  Crazy Yiuf (D:3)
  A quasit (D:5)
  6 orc priests
  A jelly (D:4)
  A bombardier beetle (D:4)
  2 hounds
  4 iguanas
  28 orc wizards
  2 sleepcaps (D:6)
  Ijyb (D:3)
  7 adders
  9 gnolls
  A shadow imp (D:7)
  3 white imps
  10 dart slugs
  2 ribbon worms
  77 orcs
  9 ball pythons
  10 endoplasms
  13 giant cockroaches
  8 goblins
  4 hobgoblins
  4 jackals (D:2)
  3 quokkas
  6 bats
  14 frilled lizards
  A goblin skeleton (D:5)
  2 goblin zombies (D:5)
  3 hobgoblin zombies (D:5)
  36 kobolds
  2 kobold zombies (D:5)
  An orc skeleton (D:5)
  2 orc zombies (D:5)
  2 rats
605 creatures vanquished.

Vanquished Creatures (collateral kills)
  A two-headed ogre (D:10)
  An elephant (D:8)
  2 ogres
  An orc (D:9)
5 creatures vanquished.

Vanquished Creatures (others)
  2 fire elementals (Orc:2)
  3 dancing weapons
  A hell hound (Orc:2)
  2 orcs (Orc:2)
8 creatures vanquished.

Grand Total: 618 creatures vanquished

Notes
Turn   | Place    | Note
-------+----------+-------------------------------------------
     0 | D:1      | Ashen the Gnoll Enchanter began the quest for the Orb.
     0 | D:1      | Reached XP level 1. HP: 13/13 MP: 6/6
   130 | D:1      | Reached XP level 2. HP: 19/19 MP: 7/7
   133 | D:1      | Learned a level 2 spell: Ensorcelled Hibernation
   482 | D:1      | Reached skill level 5 in Spellcasting
   482 | D:1      | Reached XP level 3. HP: 20/25 MP: 7/9
   773 | D:2      | Reached skill level 1 in Invocations
  1194 | D:2      | Reached skill level 1 in Fighting
  1194 | D:2      | Reached skill level 1 in Long Blades
  1194 | D:2      | Reached skill level 1 in Axes
  1194 | D:2      | Reached skill level 1 in Maces & Flails
  1194 | D:2      | Reached skill level 1 in Polearms
  1194 | D:2      | Reached skill level 1 in Staves
  1194 | D:2      | Reached skill level 1 in Ranged Weapons
  1194 | D:2      | Reached skill level 1 in Throwing
  1194 | D:2      | Reached skill level 1 in Armour
  1194 | D:2      | Reached skill level 1 in Shields
  1194 | D:2      | Reached skill level 1 in Unarmed Combat
  1194 | D:2      | Reached skill level 1 in Evocations
  1613 | D:3      | Noticed Ijyb
  1879 | D:3      | Reached skill level 1 in Shapeshifting
  1879 | D:3      | Reached XP level 4. HP: 32/32 MP: 6/11
  1953 | D:3      | Noticed an ice beast
  1984 | D:3      | Killed an ice beast
  1985 | D:3      | Reached skill level 1 in Conjurations
  1985 | D:3      | Reached skill level 1 in Summonings
  1985 | D:3      | Reached skill level 1 in Necromancy
  1985 | D:3      | Reached skill level 1 in Translocations
  1985 | D:3      | Reached skill level 1 in Fire Magic
  1985 | D:3      | Reached skill level 1 in Ice Magic
  1985 | D:3      | Reached skill level 1 in Air Magic
  1985 | D:3      | Reached skill level 1 in Earth Magic
  1985 | D:3      | Reached skill level 1 in Alchemy
  1985 | D:3      | Reached XP level 5. HP: 31/37 MP: 5/12
  1995 | D:3      | Learned a level 3 spell: Confusing Touch
  1999 | D:3      | Learned a level 3 spell: Tukima's Dance
  2003 | D:3      | Learned a level 3 spell: Dazzling Flash
  2060 | D:3      | Found a runed translucent door.
  2061 | D:3      | Noticed Crazy Yiuf
  2270 | D:3      | Killed Ijyb
  2437 | D:3      | Found a white marble altar of Elyvilon.
  2527 | D:3      | Killed Crazy Yiuf
  2607 | D:4      | Found a basalt altar of Yredelemnul.
  2649 | D:4      | Reached XP level 6. HP: 34/44 MP: 11/14
  2724 | D:4      | Reached skill level 5 in Dodging
  3376 | D:5      | Entered Level 5 of the Dungeon
  3381 | D:5      | Reached XP level 7. HP: 51/51 MP: 12/15
  3596 | D:5      | Noticed Grinder
  3882 | D:5      | Found a blossoming altar of Fedhas.
  4022 | D:5      | Killed Grinder
  4063 | D:5      | Found a glowing golden altar of the Shining One.
  4397 | D:6      | Reached XP level 8. HP: 58/58 MP: 16/16
  4967 | D:6      | Found a glowing drain.
  5001 | Sewer    | Entered a sewer
  5943 | D:6      | Reached XP level 9. HP: 65/65 MP: 18/18
  6241 | D:7      | Reached skill level 5 in Short Blades
  6463 | D:7      | Found a hazy altar of Hepliaklqana.
  6534 | D:7      | Identified the ring of the Camelopard {Will- rCorr Int+4}
  6804 | D:7      | Found a staircase to the Ecumenical Temple.
  6826 | Temple   | Entered the Ecumenical Temple
  6866 | Temple   | Became a worshipper of Uskayaw the Reveller
  6954 | D:7      | Reached * piety under Uskayaw
  6955 | D:7      | Reached ** piety under Uskayaw
  7182 | D:8      | Reached skill level 5 in Invocations
  7193 | D:8      | Identified the +5 flail of the Spectre {protect, rElec
                  | Int-5 Dex+7 Stlth-}
  7200 | D:8      | Noticed an elephant
  7201 | D:8      | Found a staircase to the Lair.
  7242 | D:8      | Killed an elephant
  7492 | D:8      | Reached *** piety under Uskayaw
  7493 | D:8      | Reached skill level 5 in Fighting
  7493 | D:8      | Reached skill level 5 in Long Blades
  7493 | D:8      | Reached skill level 5 in Axes
  7493 | D:8      | Reached skill level 5 in Maces & Flails
  7493 | D:8      | Reached skill level 5 in Polearms
  7493 | D:8      | Reached skill level 5 in Staves
  7493 | D:8      | Reached skill level 5 in Ranged Weapons
  7493 | D:8      | Reached skill level 5 in Throwing
  7493 | D:8      | Reached skill level 5 in Armour
  7493 | D:8      | Reached skill level 5 in Shields
  7493 | D:8      | Reached skill level 5 in Unarmed Combat
  7493 | D:8      | Reached skill level 5 in Evocations
  7493 | D:8      | Reached XP level 10. HP: 29/74 MP: 10/20
  7807 | D:8      | Noticed a kobold demonologist
  7819 | D:8      | Noticed a rust devil
  7856 | D:8      | Killed a kobold demonologist
  8602 | D:9      | Reached skill level 5 in Shapeshifting
  8753 | D:9      | Found a shimmering altar of Xom.
  8776 | D:9      | Reached **** piety under Uskayaw
  9169 | D:9      | Reached ***** piety under Uskayaw
  9723 | D:10     | Entered Level 10 of the Dungeon
  9970 | D:10     | Reached ****** piety under Uskayaw
 10235 | D:9      | Reached skill level 5 in Conjurations
 10235 | D:9      | Reached skill level 5 in Summonings
 10235 | D:9      | Reached skill level 5 in Necromancy
 10235 | D:9      | Reached skill level 5 in Translocations
 10235 | D:9      | Reached skill level 5 in Fire Magic
 10235 | D:9      | Reached skill level 5 in Ice Magic
 10235 | D:9      | Reached skill level 5 in Air Magic
 10235 | D:9      | Reached skill level 5 in Earth Magic
 10235 | D:9      | Reached skill level 5 in Alchemy
 10375 | D:9      | Reached XP level 11. HP: 48/81 MP: 19/22
 10835 | D:10     | Noticed a two-headed ogre
 10838 | D:10     | Noticed a two-headed ogre
 11092 | D:10     | Identified the amulet "Lauzeis" {Regen+ rCorr}
 11190 | D:10     | Found an iron altar of Okawaru.
 11263 | D:10     | Killed a two-headed ogre
 11775 | D:10     | Found an iron altar of Okawaru.
 11972 | D:10     | Killed a two-headed ogre
 12141 | Lair:1   | Entered Level 1 of the Lair of Beasts
 12320 | Lair:1   | Noticed Erica
 12325 | Lair:1   | Killed Erica
 12364 | Lair:1   | Reached XP level 12. HP: 61/91 MP: 17/24
 14211 | Lair:2   | Noticed a skyshark
 14225 | Lair:2   | Killed a skyshark
 14303 | Lair:2   | Found a staircase to the Snake Pit.
 14920 | Lair:2   | Reached skill level 10 in Stealth
 14961 | Lair:2   | Noticed a seven-headed hydra
 14972 | Lair:2   | Killed a seven-headed hydra
 15293 | Lair:3   | Noticed a five-headed hydra
 15650 | Lair:3   | Reached XP level 13. HP: 74/98 MP: 10/26
 15752 | Lair:3   | Noticed Prince Ribbit
 15766 | Lair:3   | Killed Prince Ribbit
 15867 | Lair:3   | Found a staircase to the Swamp.
 16565 | Lair:4   | Found a staircase to the Slime Pits.
 17028 | Lair:4   | Reached skill level 10 in Spellcasting
 17987 | Lair:5   | Entered Level 5 of the Lair of Beasts
 18352 | Lair:5   | Reached skill level 10 in Dodging
 18911 | Lair:5   | Paralysed by a hornet for 3 turns
 19665 | Lair:5   | Reached XP level 14. HP: 42/105 MP: 18/28
 19666 | Lair:5   | Reached skill level 10 in Invocations
 20482 | D:11     | Noticed Psyche
 20488 | D:11     | Killed Psyche
 20577 | D:11     | Found a staircase to the Orcish Mines.
 20734 | D:11     | Noticed Urug
 20801 | D:11     | Killed Urug
 21372 | D:11     | Noticed Gastronok
 22183 | D:11     | Noticed Maurice
 22189 | D:11     | Killed Maurice
 22478 | D:11     | Identified the +2 plate armour "Fuut" {rPois Slay+3}
 22614 | Orc:1    | Entered Level 1 of the Orcish Mines
 22678 | Orc:1    | Gained mutation: You have a pair of small horns on your
                  | head. [a neqoxec]
 22681 | Orc:1    | Reached skill level 10 in Short Blades
 23231 | Orc:2    | Entered Level 2 of the Orcish Mines
 23232 | Orc:2    | Noticed Snorg
 23240 | Orc:2    | Killed Snorg
 23281 | Orc:2    | Noticed Saint Roka
 23998 | Orc:2    | Found a staircase to the Elven Halls.
 24020 | Orc:2    | Found Zaess's Armour Shop.
 24021 | Orc:2    | Noticed Azrael
 24207 | Orc:2    | Found Oceegyta's Jewellery Boutique.
 24275 | Orc:2    | Found Naqeajet's Jewellery Shop.
 24299 | Orc:2    | Found Zeofu's General Store.
 24480 | Orc:2    | HP: 4/109 [orc warrior/+0 scimitar of flaming (18)]
 24480 | Orc:2    | Slain by an orc warrior

Illustrated notes

Levels and vault maps discovered:
D:1:      dpeg_arrival_leaves_temple_mockup, layout_rooms
D:2:      layout_loops_ring
D:3:      layout_basic, mainiacjoe_overflow_alcove_1, uniq_crazy_yiuf_cottage,
          uniq_ijyb
D:4:      layout_loops_ring, mainiacjoe_overflow_six_doors_small
D:5:      layout_loops_ring, nicolae_tso_besieged_by_evil, fedhas_altar_1,
          uniq_grinder
D:6:      black_bear_nest_2, layout_rooms, cheibrodos_sewer_entry_drain,
          minmay_misc_feat_encased
D:7:      layout_basic, lemuel_crystal_altar, minmay_temple_entry_trees,
          serial_rivers, chequers_serial_rivers_small_b,
          chequers_serial_rivers_micro_a, chequers_serial_rivers_large_b,
          chequers_serial_rivers_room_b, nicolae_titane
D:8:      layout_basic, david_lair_generic, kennysheep_nondescript,
          minmay_misc_feat_plants, nicolae_the_louvre
D:9:      layout_stronghold, xom_teletrap_fun
D:10:     minmay_polygon_palace, layout_cave_pools,
          mainiacjoe_overflow_cross_hatched
D:11:     minmay_the_grid_octo_tiled_squarecenter [minmay_the_grid_octo_horde,
          minmay_the_grid_octo_chip, minmay_the_grid_octo_clover_2,
          minmay_the_grid_octo_thin_diamonds,
          minmay_the_grid_square_5x5_megaprize_hollow,
          minmay_the_grid_square_5x5_mess, minmay_the_grid_square_5x5_trominoes,
          minmay_the_grid_square_5x5_percent,
          minmay_the_grid_square_5x5_two_walls_a], layout_basic,
          minmay_mirror_moons_of_madness, uniq_maurice, uniq_psyche,
          uniq_gastronok, uniq_urug
Temple:   nicolae_temple_superstar
Lair:1:   layout_cave_shapes, worms_lemuel, grunt_megastairs_2, uniq_erica
Lair:2:   layout_cave_pods, nicolae_snake_entry_squirm,
          chequers_serial_rivers_room_b, infiniplex_staircase_pool,
          serial_bayou_shore_b
Lair:3:   layout_regular_city, minmay_swamp_entry_reptiles,
          infiniplex_staircase_pool_2, uniq_prince_ribbit2
Lair:4:   layout_cave_pods, minmay_slime_entry_oklob_open
Lair:5:   minmay_lair_end_enchanted_forest, layout_loops_ring,
          gammafunk_lair_bear_cave
Orc:1:    layout_caves, mines3_lemuel
Orc:2:    grunt_orc_community_town_hall, layout_diamond_mine,
          grunt_orc_community_big_house_1, grunt_orc_community_big_house_2,
          grunt_orc_community_house_3, grunt_orc_community_house_2,
          grunt_orc_community_house_1, grunt_orc_community_house_1,
          serial_shops, nicolae_shop_gibbet_a_chance, shop, nicolae_shop_stone,
          nicolae_shop_window_shopping, nicolae_shop_behind_doors, basic_altar,
          nicolae_orc_crystal_geode, uniq_saint_roka, uniq_snorg, uniq_azrael

Skill      XL: |  1  2  3  4  5  6  7  8  9 10 11 12 13 14 |
---------------+-------------------------------------------+-----
Spellcasting   | 5 6 7 8 9 10 11 | 11.0
Stealth        | 6 7 8 9 10 11 | 11.4
Invocations    | 1 2 3 4 5 6 7 8 9 10 | 10.7
Fighting       | 1 2 3 5 6 7 8 9 |  9.8
Long Blades    | 1 2 3 5 6 7 8 9 |  9.8
Axes           | 1 2 3 5 6 7 8 9 |  9.8
Maces & Flails | 1 2 3 5 6 7 8 9 |  9.8
Polearms       | 1 2 3 5 6 7 8 9 |  9.8
Staves         | 1 2 3 5 6 7 8 9 |  9.8
Ranged Weapons | 1 2 3 5 6 7 8 9 |  9.8
Throwing       | 1 2 3 5 6 7 8 9 |  9.8
Armour         | 1 2 3 5 6 7 8 9 |  9.8
Shields        | 1 2 3 5 6 7 8 9 |  9.8
Unarmed Combat | 1 2 3 5 6 7 8 9 |  9.8
Evocations     | 1 2 3 5 6 7 8 9 |  9.8
Shapeshifting  | 1 2 3 4 5 6 7 8 9 |  9.0
Short Blades   | 3 4 5 6 7 8 9 10 | 10.2
Conjurations   | 1 2 3 4 5 6 7 8 |  8.2
Summonings     | 1 2 3 4 5 6 7 8 |  8.2
Necromancy     | 1 2 3 4 5 6 7 8 |  8.2
Translocations | 1 2 3 4 5 6 7 8 |  8.2
Fire Magic     | 1 2 3 4 5 6 7 8 |  8.2
Ice Magic      | 1 2 3 4 5 6 7 8 |  8.2
Air Magic      | 1 2 3 4 5 6 7 8 |  8.2
Earth Magic    | 1 2 3 4 5 6 7 8 |  8.2
Alchemy        | 1 2 3 4 5 6 7 8 |  8.2
Dodging        | 5 6 7 8 9 10 | 10.8
Hexes          | 6 7 8 9 |  9.9

Action                     |  1- 3 |  4- 6 |  7- 9 | 10-12 | 13-15 || total
---------------------------+-------+-------+-------+-------+-------++-------
  Melee: Dagger            |   126 |    45 |   307 |   405 |   612 ||  1495
         Bite              |    12 |     2 |    35 |    44 |    63 ||   156
         Punch             |       |     1 |     5 |    14 |     5 ||    25
         Glaive            |       |       |    18 |       |       ||    18
         Headbutt          |       |       |       |       |    48 ||    48
  Throw: Dart              |       |       |     5 |     5 |     3 ||    13
   Cast: Ensorcelled Hiber |    28 |    29 |    70 |   153 |   160 ||   440
         Tukima's Dance    |       |     1 |       |    17 |    12 ||    30
         Confusing Touch   |       |       |    12 |    14 |    23 ||    49
         Dazzling Flash    |       |       |     6 |    24 |    76 ||   106
 Invoke: Line Pass         |       |       |       |       |     1 ||     1
  Evoke: Box of beasts     |       |       |     1 |       |       ||     1
         Wand              |       |       |       |     2 |     2 ||     4
         Phantom mirror    |       |       |       |       |     1 ||     1
    Use: Potion            |       |     1 |       |     1 |     3 ||     5
         Scroll            |       |       |       |    11 |     9 ||    20
   Stab: Sleeping          |    26 |    24 |    57 |   101 |    93 ||   301
         Distracted        |     1 |       |       |       |     4 ||     5
         Invisible         |       |     2 |     5 |     9 |    52 ||    68
         Confused          |       |       |    12 |     8 |    16 ||    36
         Paralysed         |       |       |       |    22 |    57 ||    79
 Armour: Robe              |    60 |    21 |   162 |    42 |       ||   285
         Steam dragon scal |       |       |       |   202 |   215 ||   417
         Troll leather arm |       |       |       |       |    90 ||    90
  Dodge: Dodged            |    80 |    24 |   248 |   332 |   516 ||  1200
  Block: Buckler           |       |       |       |       |   158 ||   158
